 Dungeon Crawl Stone Soup version 0.20-a0-1040-gfd09691 (webtiles) character file.

42 Gorglomux the Chopper (level 3, 0/27 HPs)
             Began as a Formicid Warper on Apr 23, 2017.
             Slain by a worm (10 damage)
             ... on level 2 of the Dungeon.
             The game lasted 00:01:57 (1568 turns).

Gorglomux the Chopper (Formicid Warper)             Turns: 1568, Time: 00:01:57

Health: 0/27       AC:  3    Str: 15    XL:     3   Next: 77%
Magic:  6/6        EV: 11    Int: 12    God:
Gold:   58         SH:  0    Dex: 11    Spells: 6/6 levels left

rFire    . . .     SeeInvis +   a - +0 hand axe
rCold    . . .     Gourm    .   (no shield)
rNeg     . . .     Faith    .   b - +0 leather armour
rPois    .         Spirit   .   (helmet unavailable)
rElec    .         Reflect  .   (no cloak)
rCorr    .         Harm     .   (no gloves)
MR       .....                  (no boots)
Stlth    +.........             (no amulet)
Regen    0.1/turn               (no ring)
MPRegen  0.1/turn               (no ring)

@: no status effects
A: permanent stasis, dig shafts and tunnels, four strong arms, antennae 3
a: Dig, Shaft Self


You were on level 2 of the Dungeon.
You were not hungry.

You visited 1 branch of the dungeon, and saw 2 of its levels.

You collected 58 gold pieces.

Inventory:

Hand Weapons
 a - a +0 hand axe (weapon)
Missiles
 e - 5 tomahawks of dispersal {=f}
Armour
 b - a +0 leather armour (worn)
 q - a scarf of cold resistance
   (You found it on level 1 of the Dungeon)
Jewellery
 i - an uncursed ring of fire {rF+, rC-}
   (You found it on level 1 of the Dungeon)
Scrolls
 d - a scroll of blinking {!r}
 g - a scroll of identify {unknown}
 h - a scroll of enchant weapon {unknown}
 n - a scroll of recharging {unknown}
 p - a scroll of teleportation {unknown}
Potions
 l - a potion of might {unknown}
 m - a potion of curing {unknown}
 o - a potion of flight {unknown}
Books
 c - a book of Spatial Translocations
Comestibles
 f - 2 bread rations {@e1@e1}
 j - 2 chunks of flesh {@w0@w0}
 k - 2 fruits


   Skills:
 - Level 2.1 Fighting
 + Level 3.8 Axes
 - Level 1.0 Throwing
 - Level 1.1 Armour
 - Level 1.7 Dodging
 - Level 2.1 Spellcasting
   Level 2.6 Translocations


You had 6 spell levels left.
You didn't know any spells.

Dungeon Overview and Level Annotations

Branches:
Dungeon (2/15)

Altars:


Innate Abilities, Weirdness & Mutations

You cannot be hasted, slowed, berserked, paralysed or teleported.
You can dig through walls and to a lower floor.
Your four strong arms can wield two-handed weapons with a shield.
You have a pair of large antennae on your head. (SInv)


Message History

You are too injured to fight recklessly!
You barely miss the leopard gecko. The leopard gecko bites you.
You take 1 damage, and have 15/27 hp.
You miss the leopard gecko.
The leopard gecko bites you but does no damage.
You miss the leopard gecko. The leopard gecko bites you.
The leopard gecko barely misses you.
You take 3 damage, and have 13/27 hp.
You closely miss the leopard gecko.
The leopard gecko bites you but does no damage.
You barely miss the leopard gecko. The leopard gecko barely misses you.
All of the chunks of flesh in your inventory have rotted away.
You closely miss the leopard gecko. The leopard gecko closely misses you.
The leopard gecko bites you but does no damage.
You barely miss the leopard gecko. The leopard gecko bites you.
You take 3 damage, and have 10/27 hp.
You closely miss the leopard gecko. The leopard gecko closely misses you.
You hit the leopard gecko. The leopard gecko closely misses you.
The leopard gecko barely misses you.
You hit the leopard gecko. The leopard gecko closely misses you.
You hit the leopard gecko.
You kill the leopard gecko!
You see here a rat corpse.
You butcher the rat corpse.
j - a chunk of flesh {@w0@w0} You see here a rat skeleton.
You start resting.
Eating a chunk of flesh {@w0@w0}.
You eat the chunk of flesh {@w0@w0}.
You sense a monster nearby.
You regained 7 hp, and now have 18/27 hp.
Done exploring.
A frilled lizard comes into view.
The frilled lizard hisses angrily.
You hit the frilled lizard.
You kill the frilled lizard!
No target in view!
No target in view!
Done exploring.
Done exploring.
Done exploring.
(D) Dungeon
Where to? (Enter - D:2, ? - help)
You see here a rat skeleton.
You see here a leather armour.
You see here a hobgoblin skeleton.
There is an open door here.
There is an open door here.
You see here a bat skeleton.
There is a stone staircase leading down here.
You climb downwards. 2 hobgoblins come into view.
Found an escape hatch in the ceiling.
There is a stone staircase leading up here.
You regained 3 hp, and now have 22/27 hp.
You barely miss the hobgoblin. The hobgoblin closely misses you.
You closely miss the hobgoblin.
The hobgoblin hits you but does no damage.
You hit the hobgoblin. The hobgoblin misses you.
You hit the hobgoblin. The hobgoblin barely misses you.
You completely miss the hobgoblin. You hit the hobgoblin.
The hobgoblin closely misses you. The hobgoblin hits you with a club.
You take 5 damage, and have 17/27 hp.
You hit the hobgoblin.
You kill the hobgoblin!
You barely miss the hobgoblin. The hobgoblin barely misses you.
You hit the hobgoblin.
You kill the hobgoblin!
Unknown command.
No target in view!
You start resting.
Health restored: 27
Found a stone staircase leading up.
Things that are here:
a club; a hobgoblin corpse You butcher the hobgoblin corpse.
j - 2 chunks of flesh {@w0@w0} You see here a club.
You sense a monster nearby.
A worm comes into view.
A worm is nearby!
You hit the worm. The worm barely misses you.
You hit the worm. You hit the worm. The worm bites you!
You take 9 damage, and have 18/27 hp.
MASSIVE DAMAGE!!
You hit the worm. The worm bites you.
You take 2 damage, and have 16/27 hp.
You are too injured to fight recklessly!
You are too injured to fight recklessly!
You hit the worm but do no damage.
Unknown command.
You are too injured to fight recklessly!
You are too injured to fight recklessly!
You hit the worm. The worm closely misses you.
You barely miss the worm. The worm bites you!
You take 7 damage, and have 9/27 hp.
MASSIVE DAMAGE!!
You hit the worm. You hit the worm but do no damage. The worm bites you!
You die...

.# #. .. .#
.#######.# .........
#....w# #.@###
######...###
......:.....#
###########.#
#.########
##...##...##
##...<......##
#............#
<.#####..)..<......#


You could see a worm.

Vanquished Creatures
  2 leopard geckos (D:1)
  A ball python (D:1)
  6 bats (D:1)
  A giant cockroach (D:1)
  2 goblins (D:1)
  10 hobgoblins
  2 jackals (D:1)
  2 frilled lizards (D:1)
  4 kobolds (D:1)
  7 rats (D:1)
37 creatures vanquished.

Notes
Turn   | Place    | Note
-------+----------+-------------------------------------------
     0 | D:1      | Gorglomux the Formicid Warper began the quest for the Orb.
     0 | D:1      | Reached XP level 1. HP: 16/16 MP: 3/3
   478 | D:1      | Reached XP level 2. HP: 17/22 MP: 5/5
   796 | D:1      | Reached skill level 3 in Axes
   960 | D:1      | Reached XP level 3. HP: 24/27 MP: 6/6
  1568 | D:2      | Slain by a worm

Vault maps used:
D:1:      dpeg_arrival_ternary
D:2:      nicolae_overflow_quartered_altars, lemuel_doored_altar, first_bread,
          minivault_4

Skill      XL: |  1  2 |
---------------+-------+-----
Axes           | 3 |  3.8
Fighting       | |  2.1
Throwing       | |  1.0
Armour         | |  1.1
Dodging        | |  1.7
Spellcasting   | |  2.1
Translocations | |  2.6

Action                   || total
-------------------------++-------
Melee: Hand axe          ||   128
  Eat: Chunk             ||     2
Armor: Leather armour    ||    41
Dodge: Dodged            ||    90

Vault maps used:
D:1:      dpeg_arrival_ternary
D:2:      nicolae_overflow_quartered_altars, lemuel_doored_altar, first_bread,
          minivault_4

Table legend:
 A = Turns spent in this place as a percentage of turns spent in the entire game.
 B = Non-inter-level travel turns spent in this place as a percentage of non-inter-level travel turns spent in the entire game.
 C = Inter-level travel turns spent in this place as a percentage of turns spent in this place.
 D = Turns resting spent in this place as a percentage of non-inter-level travel turns spent in this place.
 E = Turns spent auto-exploring this place as a percentage of non-inter-level travel turns spent in this place.
 F = Non-inter-level travel turns spent in this place divided by the number of levels of this place that you've seen.
                   A       B       C       D       E      F
               +-------+-------+-------+-------+-------+----------------------
         Total | 100.0 | 100.0 |   0.4 |   2.2 |  12.9 | 232.5
       Dungeon | 100.0 | 100.0 |   0.4 |   2.2 |  12.9 | 232.5
               +-------+-------+-------+-------+-------+----------------------

Table legend:
 A = Kills in this place as a percentage of kills in entire the game.
 B = Kills by you in this place as a percentage of kills by you in the entire game.
 C = Kills by friends in this place as a percentage of kills by friends in the entire game.
 D = Other kills in this place as a percentage of other kills in the entire game.
 E = Experience gained in this place as a percentage of experience gained in the entire game.
 F = Experience gained in this place divided by the number of levels of this place that you have seen.
                   A       B       C       D       E      F
               +-------+-------+-------+-------+-------+----------------------
         Total | 100.0 | 100.0 |  -nan |  -nan | 100.0 |  30.0
       Dungeon | 100.0 | 100.0 |  -nan |  -nan | 100.0 |  30.0
               +-------+-------+-------+-------+-------+----------------------
